 Dungeon Sprint DCSS version 0.30.1-9-gdf580d7c3d (webtiles) character file.

Game seed: 33176534003282780

7 Heoruswealwe the Conjurer (level 1, 0/15 HPs)
             Began as a Deep Elf Conjurer on Oct 10, 2023.
             Slain by an iguana (12 damage)
             ... in the Dungeon (Sprint IX: "|||||||||||||||||||||||||||||").
             The game lasted 00:00:56 (104 turns).

Heoruswealwe the Conjurer (Deep Elf Conjurer)        Turns: 104, Time: 00:00:56

Health: 0/15       AC:  2    Str:  4    XL:     1   Next: 83%
Magic:  8/8        EV: 12    Int: 22    God:
Gold:   0          SH:  0    Dex: 13    Spells: 8/9 levels left

rFire   . . .        a - +0 short sword
rCold   . . .        (no shield)
rNeg    . . .        c - +0 robe
rPois   .            (no helmet)
rElec   .            (no cloak)
rCorr   .            (no gloves)
SInv    .            (no boots)
Will    .....        (no amulet) Stlth
                     (no ring)
HPRegen 0.22/turn    (no ring)
MPRegen 0.11/turn

%: no teleportation
@: berserking, hasted, very quick
A: no striking features
a: no special abilities


You were in the Dungeon.
You visited 1 branch

Inventory:

Hand Weapons
 a - a +0 short sword (weapon)
Armour
 c - a +0 robe (worn)
Scrolls
 g - a scroll of blinking
Potions
 b - 3 potions of magic
 d - a potion of heal wounds
 h - a potion of curing


   Skills:
 - Level 2.4 Dodging
 - Level 2.4 Stealth
 + Level 4.6 Spellcasting
 + Level 5.3 Conjurations


You had 8 spell levels left.
You knew the following spells:

 Your Spells              Type           Power      Damage    Failure   Level
a - Magic Dart            Conj           100%       1d8       1%          1

Your spell library contained the following spells:

 Spells                   Type           Power      Damage    Failure   Level
 Searing Ray              Conj           56%        2d6       1%          2
 Dazzling Flash           Conj/Hex       32%        N/A       11%         3
 Fulminant Prism          Conj/Hex       8%         3d7       34%         4
 Iskenderun's Mystic Bla  Conj/Tloc      16%        2d5       34%         4


Dungeon Overview and Level Annotations

Branches:
Dungeon (1/1)

Altars:


Message History

The giant cockroach bites you but does no damage.
You barely miss the giant cockroach.
The giant cockroach is severely wounded.
The giant cockroach closely misses you.
The magic dart hits the giant cockroach.
You kill the giant cockroach!
There is an open door to the Dungeon, spattered with blood here.
Things that are here:
a +0 short sword; a giant cockroach corpse
h - a +0 short sword Adjust (i)tems, (s)pells, or (a)bilities?
h - a +0 short sword Adjust to which letter? (? for menu, Esc to quit)
a - a +0 short sword;
h - a potion of curing
a - a +0 short sword (weapon)
You close the door, pushing everything out of the way.
You see here a giant cockroach corpse.
You open the door.
You start resting.
Magic restored.
You open the door.
A hound, a scorpion, an ogre and 2 iguanas come into view.
The iguana hisses angrily.
The ogre shouts!
The iguana hisses angrily.
The hound barks!
You feel yourself speed up. The iguana closely misses you.
A red film seems to cover your vision as you go berserk!
You feel yourself moving faster!
You feel mighty! The iguana misses you.
You hit the iguana.
The iguana is moderately wounded.
You hit the iguana.
The iguana is heavily wounded.
The iguana bites you.
You puncture the iguana!
The iguana is almost dead.
The iguana closely misses you.
You hit the iguana.
The iguana is almost dead.
The iguana bites you!
Ouch! That really hurt!
You die...

▓+▓
▓.▓
▓h▓
▓s▓
▓l▓
▓O▓
▓l▓
▓@▓
▓.▓
▓.▓
▓.▓
▓†▓
▓'▓
▓.▓
▓.▓
▓.▓


You could see an ogre, a scorpion, 2 iguanas and a hound.

Vanquished Creatures
  A ball python (D)
  An endoplasm (D)
  2 giant cockroaches (D)
  A kobold (D)
5 creatures vanquished.

Notes
Turn   | Place    | Note
-------+----------+-------------------------------------------
     0 | D        | Heoruswealwe the Deep Elf Conjurer began the quest for the
                  | Orb.
     0 | D        | Reached XP level 1. HP: 10/10 MP: 6/6
     9 | D        | Reached skill level 5 in Conjurations
    98 | D        | Noticed a hound
    98 | D        | Noticed a scorpion
    98 | D        | Noticed an iguana
    98 | D        | Noticed an ogre
    98 | D        | Noticed an iguana
   104 | D        | Slain by an iguana

Illustrated notes

Levels and vault maps discovered:
D:        linesprint [early_d, line_temple, items_1, d_10, items_2, lair_1,
          lair_end, items_3, orc_1, orc_end, items_4, d_15, swamp_1, shoals_1,
          snake_1, spider_1, d_20, vaults_1, items_5, swamp_end, shoals_end,
          snake_end, spider_end, vaults_end, d_27, items_6, zot_1, zot_end,
          crypt_end, forest_end, elf_end, slime_end, tomb_end, abyss_end,
          pan_hell_end]

Skill      XL: |  1 |
---------------+----+-----
Spellcasting   | 4 |  4.6
Conjurations   | 5 |  5.3
Dodging        | |  2.4
Stealth        | |  2.4

Action                     || total
---------------------------++-------
  Melee: Unarmed           ||    13
         Short sword       ||     4
   Cast: Magic Dart        ||     8
    Use: Potion            ||     2
 Armour: Robe              ||     9
  Dodge: Dodged            ||    14
